General information
- name: 2v2 obs vck whitey #3
- type: Custom game
- host: otherwhitemeat
- saver: timg4strok
map: TwistedMeadows
- players: 12
- length: 10:26
- speed: Fast
- version: 1.23 W3XP
- replay type:

» download(96 KB)
Players
team 1 (winner)

»
timg4strok (
gray | 132 APM | 1375 actions | 10:26)
2 Keeper of the Grove
1 Entangling Roots
1 Thorns Aura
1 Beastmaster
1 Summon Quilbeast
» actions
| Assign group hotkey | 18 | |
| Basic commands | 22 | |
| Build / train | 37 | |
| ESC pressed | 3 | |
| Enter build submenu | 14 | |
| Enter hero's abilities submenu | 3 | |
| Right click | 780 | |
| Select / deselect | 149 | |
| Select group hotkey | 298 | |
| Use ability | 51 | |
1375 total
» units
| Wisp | 16 | |
| Huntress | 4 | |
| Druid of the Talon | 6 | |
26 total
» upgrades
| Druid of the Talon Training | 2 | |
2 total
» buildings
| Altar of Elders | 1 | |
| Moon Well | 5 | |
| Hunter's Hall | 1 | |
| Ancient of War | 1 | |
| Ancient of Wonders | 3 | |
| Tree of Ages | 1 | |
| Ancient of Wind | 2 | |
| Tree of Eternity | 1 | |
15 total
» build order
00:02 Altar of Elders
00:16 Moon Well
01:26 Hunter's Hall
01:46 Ancient of War
02:08 Moon Well
02:15 Ancient of Wonders
02:52 Moon Well
04:32 Tree of Ages
05:04 Ancient of Wonders
05:49 Moon Well
07:05 Ancient of Wind
07:08 Ancient of Wind
07:10 Tree of Eternity
08:05 Moon Well
08:07 Ancient of Wonders
» items

»
mata. (
green | 134 APM | 1399 actions | 10:25)
2 Blademaster
1 Wind Walk
1 Critical Strike
1 Shadow Hunter
1 Hex
» actions
| Assign group hotkey | 208 | |
| Basic commands | 8 | |
| Build / train | 47 | |
| Enter build submenu | 14 | |
| Enter hero's abilities submenu | 3 | |
| Remove unit from queue | 4 | |
| Right click | 658 | |
| Select / deselect | 290 | |
| Select group hotkey | 120 | |
| Use ability | 47 | |
1399 total
» units
| Peon | 10 | |
| Grunt | 5 | |
| Raider | 3 | |
| Spirit Walker | 4 | |
22 total
» upgrades
| Berserker Strength | 1 | |
| Spirit Walker Training | 1 | |
| Ensnare | 1 | |
| Pillage | 1 | |
4 total
» buildings
| Altar of Storms | 1 | |
| Orc Burrow | 4 | |
| Barracks | 1 | |
| Voodoo Lounge | 1 | |
| Stronghold | 2 | |
| War Mill | 1 | |
| Spirit Lodge | 1 | |
| Beastiary | 1 | |
12 total
» build order
00:04 Altar of Storms
00:18 Orc Burrow
00:48 Barracks
01:37 Orc Burrow
02:19 Voodoo Lounge
03:16 Stronghold
03:46 Orc Burrow
04:26 War Mill
05:38 Spirit Lodge
05:39 Beastiary
06:04 Orc Burrow
» items
| Healing Salve | 2 | |
| Lesser Clarity Potion | 1 | |
| Staff of Preservation | 1 | |
4 total
team 2 (loser)

»
MaJiN-SuiCiDe (
purple | 111 APM | 1144 actions | 10:18)
2 Blademaster
1 Wind Walk
1 Critical Strike
1 Tauren Chieftain
1 War Stomp
» actions
| Assign group hotkey | 35 | |
| Basic commands | 5 | |
| Build / train | 35 | |
| ESC pressed | 2 | |
| Enter build submenu | 17 | |
| Enter hero's abilities submenu | 3 | |
| Remove unit from queue | 2 | |
| Right click | 510 | |
| Select / deselect | 205 | |
| Select group hotkey | 279 | |
| Use ability | 51 | |
1144 total
» units
» upgrades
| Ensnare | 1 | |
| Berserker Strength | 1 | |
2 total
» buildings
| Altar of Storms | 1 | |
| Orc Burrow | 5 | |
| Barracks | 1 | |
| Stronghold | 1 | |
| Voodoo Lounge | 1 | |
| Beastiary | 1 | |
| War Mill | 1 | |
| Spirit Lodge | 1 | |
12 total
» build order
00:04 Altar of Storms
00:17 Orc Burrow
00:37 Barracks
01:41 Orc Burrow
03:39 Stronghold
04:36 Voodoo Lounge
05:27 Orc Burrow
06:04 Beastiary
06:35 War Mill
07:37 Orc Burrow
08:16 Orc Burrow
09:46 Spirit Lodge
» items
| Boots of Speed | 1 | |
| Dust of Appearance | 1 | |
| Healing Salve | 2 | |
| Lesser Clarity Potion | 1 | |
| Scroll of Speed | 1 | |
6 total

»
xet (
blue | 68 APM | 711 actions | 10:24)
1 Blademaster
1 Wind Walk
1 Shadow Hunter
1 Hex
» actions
| Assign group hotkey | 6 | |
| Build / train | 33 | |
| Enter build submenu | 14 | |
| Enter hero's abilities submenu | 2 | |
| Give item / drop item | 4 | |
| Right click | 414 | |
| Select / deselect | 109 | |
| Select group hotkey | 98 | |
| Use ability | 31 | |
711 total
» units
» upgrades
» buildings
| Altar of Storms | 1 | |
| Orc Burrow | 4 | |
| Voodoo Lounge | 1 | |
| Barracks | 1 | |
| Stronghold | 1 | |
| War Mill | 1 | |
| Fortress | 2 | |
| Spirit Lodge | 2 | |
| Tauren Totem | 2 | |
15 total
» build order
00:10 Altar of Storms
00:14 Orc Burrow
00:38 Voodoo Lounge
01:39 Barracks
01:56 Orc Burrow
03:25 Stronghold
05:44 War Mill
06:19 Fortress
06:19 Fortress
06:37 Spirit Lodge
07:25 Spirit Lodge
08:31 Orc Burrow
08:49 Orc Burrow
09:22 Tauren Totem
09:26 Tauren Totem
» items
| Scroll of Speed | 2 | |
| Lesser Clarity Potion | 4 | |
| Healing Salve | 2 | |
| Boots of Speed | 1 | |
| Potion of Healing | 2 | |
| Orb of Lightning | 1 | |
12 total
observersotherwhitemeat,
iG)Imba-,
Creation-,
BIGRETURN,
SoProFeSsioNaL,
Yeggi[skynet],
Jimmy-,
jignja2 Chat log
(00:29 / Allies) timg4strok: ill kotg hunt
(01:02 / Allies) mata.: ill grunt raideri guess
(01:33 / Allies) timg4strok: 2x orc
(01:41 / Allies) mata.: smartcow etc
(01:49 / Allies) mata.: ¨you dott ?
(01:53 / Allies) timg4strok: uh
(01:53 / Allies) timg4strok: oik
(01:58 / Allies) timg4strok: hunt first
(02:01 / Allies) mata.: shure
(02:10 / Allies) mata.: my ovo is bad
(02:31 / Allies) mata.: noobs maybe
(03:33 / Allies) mata.: i aint gonna help
(04:46 / Allies) mata.: fine i come
(06:01 / Allies) mata.: so yeah
(06:10 / Allies) mata.: how you doin
(06:12 / Allies) timg4strok: fine
(06:14 / Allies) timg4strok: owned 2 noobs
(06:26 / Allies) timg4strok: should watch rep
(06:28 / Allies) timg4strok: was insane
(06:30 / Allies) timg4strok: how i defended
(06:52 / Allies) mata.: lol
(06:54 / All) mata.: ha
(07:16 / Allies) timg4strok: need me?
(07:58 / Allies) timg4strok: brt
(08:21 / Allies) timg4strok: dott pumping
(08:22 / Allies) timg4strok: almost t3
(09:19 / Allies) mata.: was me fyi
(09:23 / Allies) timg4strok: got surred
(10:17 / All) MaJiN-SuiCiDe: Gg ally noob
(10:21 / All) mata.: gg